 Dungeon Crawl Stone Soup version 0.29-a0-251-g80730f7218 (webtiles) character file.

Game seed: 794725054839706986

443 jt the Vandal (level 6, -1/57 HPs)
             Began as a Deep Dwarf Hunter on Mar 5, 2022.
             Was a Believer of Wu Jian.
             Killed by nerve-wracking pain
             ... invoked by Grinder
              (13 damage)
             ... on level 3 of the Dungeon.
             The game lasted 00:07:47 (2296 turns).

jt the Vandal (Deep Dwarf Hunter)                   Turns: 2296, Time: 00:07:54

Health: -1/57      AC:  5    Str: 16    XL:     6   Next: 71%
Magic:  1/1 (3)    EV: 12    Int: 11    God:    Wu Jian [**....]
Gold:   79         SH:  0    Dex: 15    Spells: 9/9 levels left

rFire   . . .      SeeInvis .   s - +0 short sword (antimagic)
rCold   . . .      Faith    .   (no shield)
rNeg    . . .      Spirit   .   b - +0 leather armour
rPois   .          Reflect  .   l - +0 helmet
rElec   .          Harm     .   (no cloak)
rCorr   .          Rampage  .   x - +0 pair of gloves
Will    .....                   (no boots)
Stlth   ++........              (no amulet)
HPRegen 0.00/turn               (no ring)
MPRegen 0.07/turn               (no ring)

@: no status effects
A: damage resistance, heal wounds, sense surroundings 1, no regeneration
a: Heal Wounds, Renounce Religion, Wall Jump


You were on level 3 of the Dungeon.
You worshipped Wu Jian.
Wu Jian was pleased with you.
You visited 1 branch of the dungeon, and saw 5 of its levels.
You also visited: Sewer.

You collected 79 gold pieces.

Inventory:

Hand Weapons
 a - a +1 hunting sling
 d - a +0 short sword
 k - a +2 whip of venom
 n - a +0 spear
 p - a +0 hand axe
 q - a +2 short sword of venom
 s - a +0 antimagic short sword (weapon)
Missiles
 e - 87 stones
 g - a throwing net
 j - 6 boomerangs
 r - 19 poisoned darts
Armour
 b - a +0 leather armour (worn)
 f - a +0 ring mail
 l - a +0 helmet (worn)
 x - a +0 pair of gloves (worn)
Scrolls
 i - 2 scrolls of immolation
 m - 3 scrolls of teleportation
 w - a scroll of silence
 y - 2 scrolls of enchant armour
Potions
 h - 2 potions of mutation
 o - a potion of magic
 t - a potion of curing
 u - 2 potions of flight
 v - 3 potions of heal wounds
 z - a potion of might


   Skills:
 + Level 4.2 Fighting
 + Level 1.3 Maces & Flails
 + Level 6.6 Slings
 - Level 2.1 Dodging
 - Level 1.2 Stealth
 - Level 2.0 Spellcasting


You had 9 spell levels left.
You didn't know any spells.
Your spell library contained the following spells:

 Spells                   Type           Power      Damage    Failure   Level
 Apportation              Tloc           2%         N/A       34%         1
 Portal Projectile        Hex/Tloc       2%         N/A       71%         3
 Alistair's Intoxication  Tmut/Pois      0%         N/A       100%        5
 Blade Hands              Tmut           0%         N/A       100%        5
 Excruciating Wounds      Necr           0%         N/A       100%        5


Dungeon Overview and Level Annotations

Branches:
Dungeon (5/15)              Sewer (visited)
 Temple: D:4-7

Altars:
Wu Jian

Shops:
D:3 [

Annotations:
D:2 1 runed translucent door, Crazy Yiuf
D:3 Grinder


Innate Abilities, Weirdness & Mutations

You are resistant to damage.
You can heal yourself by infusing magical energy.
You passively map a small area around you.
You do not regenerate.


Message History

You hit the worm.
The worm is severely wounded.
The worm bites you.
* * * LOW HITPOINT WARNING * * *
Your magical essence is drained by the effort!
You feel much better.
You barely miss the worm.
The worm is heavily wounded.
You hit the worm.
The worm is severely wounded.
The worm bites you but does no damage.
You hit the worm.
You kill the worm!
The Council accepts your kill.
You closely miss Grinder.
Grinder is severely wounded.
Grinder closely misses you.
You barely miss Grinder.
Grinder is severely wounded.
Grinder misses you.
You closely miss Grinder.
Grinder is severely wounded.
Grinder hits you but does no damage.
You hit Grinder but do no damage.
Grinder is severely wounded.
Grinder hits you but does no damage.
You closely miss Grinder.
Grinder is severely wounded.
Grinder hits you.
You writhe in agony.
You closely miss Grinder.
Grinder is severely wounded.
Grinder gestures at you. You resist with some effort.
You barely miss Grinder.
Grinder is severely wounded.
Grinder hits you!
* * * LOW HITPOINT WARNING * * *
Grinder gestures at you. Pain shoots through your body!
You die...

**#..* #.♣∩♣.....# *.# *,,
,**#.## #.........# *#.* *,,
..##..####..♣>...[.# ##..* ***
#....<...##..>....## #..** *
#####............#### #.#* ***
#.#.#...........####.######,,
#.#.......##...............,,
#.###.[......#####...#####**,
#..#....##.<@#######....#***,
##...#..####5........##...#*,
**** *#..#...5.r#######...#*#>..,
,,,***#....####.### #...######.
,,,,,,,,,,..###...#####.#...#....
,****,**,*#.......§...#.###...###
*****,**,*########).............†
*,,,**,* #####........###
*,****,* #.###.#.5#**


You could see Grinder and a rat.

Vanquished Creatures
  A black bear (D:5)
  A kobold brigand (Sewer)
  2 hounds (D:5)
  An iguana (D:5)
  Natasha (D:2)
  4 adders
  3 gnolls (D:5)
  2 river rats (D:5)
  A shadow imp (D:5)
  2 worms
  A dart slug (D:1)
  6 bats
  4 endoplasms
  5 giant cockroaches
  5 goblins
  6 hobgoblins
  4 jackals (D:2)
  2 quokkas
  3 ball pythons
  2 frilled lizards
  13 kobolds
  12 rats
81 creatures vanquished.

Notes
Turn   | Place    | Note
-------+----------+-------------------------------------------
     0 | D:1      | jt the Deep Dwarf Hunter began the quest for the Orb.
     0 | D:1      | Reached XP level 1. HP: 19/19 MP: 1/1
   184 | D:1      | Reached XP level 2. HP: 15/26 MP: 2/2
   189 | D:1      | Found a faded altar of an unknown god.
   218 | D:1      | Prayed at the altar of an unknown god.
   218 | D:1      | Became a worshipper of the Wu Jian Council
   218 | D:1      | Reached * piety under Wu Jian
   381 | D:1      | Reached skill level 1 in Spellcasting
   726 | D:2      | Noticed Natasha
   797 | D:2      | Reached XP level 3. HP: 32/32 MP: 4/4
  1082 | D:2      | Killed Natasha
  1083 | D:2      | Reached skill level 5 in Slings
  1083 | D:2      | Reached XP level 4. HP: 12/40 MP: 6/6
  1136 | D:2      | Reached ** piety under Wu Jian
  1229 | D:2      | Found a runed translucent door.
  1230 | D:2      | Noticed Crazy Yiuf
  1499 | D:3      | Found Wueseloz's Antique Armour Boutique.
  1536 | D:3      | Noticed Grinder
  1544 | D:3      | You fall into a shaft and drop 2 floors!
  1544 | D:5      | Entered Level 5 of the Dungeon
  1613 | D:5      | Reached XP level 5. HP: 34/49 MP: 4/6
  1758 | D:5      | Reached skill level 6 in Slings
  1768 | D:5      | Found a glowing drain.
  1830 | Sewer    | Entered a sewer
  1915 | Sewer    | Reached XP level 6. HP: 39/57 MP: 4/4
  1952 | Sewer    | Found a glowing silver altar of Zin.
  2157 | D:5      | Reached skill level 1 in Maces & Flails
  2296 | D:3      | Killed from afar by Grinder

Illustrated notes

Levels and vault maps discovered:
D:1:      matt_arrival_los_fun, layout_basic,
          ebering_ecumenical_altar_petrified, minivault_4, minmay_cut_off
D:2:      layout_rooms, uniq_natasha, uniq_crazy_yiuf_cottage
D:3:      layout_rooms, mainiacjoe_overflow_paths, serial_shops,
          nicolae_shop_trees, uniq_grinder, uniq_robin
D:4:      layout_cave_pools, okawaru_metal_pillars_1_2, vehumet_altar_wand_db
D:5:      layout_basic, eat_drink_and_be_merry_uskayaw, portal_sewer_entry_e

Skill      XL: |  1  2  3  4  5  6 |
---------------+-------------------+-----
Fighting       | 2 3 4 |  4.2
Spellcasting   | 1 2 |  2.0
Slings         | 5 6 |  6.6
Maces & Flails | 1 |  1.3
Dodging        | |  2.1
Stealth        | |  1.2

Action                   |  1- 3 |  4- 6 || total
-------------------------+-------+-------++-------
Melee: Short sword       |       |    24 ||    24
       Punch             |       |     1 ||     1
 Fire: Hunting sling     |   150 |   251 ||   401
Invok: Whirlwind         |       |     1 ||     1
 Abil: Heal Wounds       |     2 |    10 ||    12
  Use: Scroll            |     2 |     7 ||     9
       Potion            |       |     2 ||     2
Armor: Leather armour    |    34 |    50 ||    84
Dodge: Dodged            |    77 |   138 ||   215

Table legend: (Time is in decaauts)
 A = Elapsed time spent in this place.
 B = Non-inter-level travel time spent in this place.
 C = Inter-level travel time spent in this place.
 D = Time resting spent in this place.
 E = Time spent auto-exploring this place.
 F = Levels seen in this place.
 G = Mean time per level.
                   A        B        C        D        E       F      G
               +--------+--------+--------+--------+--------+-----+--------+
         Total |   2438 |   2313 |    125 |      2 |   1149 |   6 |  406.3 |
       Dungeon |   2240 |   2115 |    125 |      0 |   1068 |   5 |  448.0 |
         Sewer |    198 |    198 |      0 |      2 |     81 |   1 |  198.0 |
               +--------+--------+--------+--------+--------+-----+--------+

Top non-repeatable levels by time:
     D:1: 779 daAuts
     D:2: 766 daAuts
     D:5: 534 daAuts
   Sewer: 198 daAuts
     D:3: 127 daAuts
     D:4: 31 daAuts
